 Dungeon Crawl Stone Soup version 0.17-a0-913-g36eb389 (webtiles) character file.

491 oplop the Ducker (level 6, 0/28 HPs)
             Began as a Spriggan Enchanter on May 3, 2015.
             Slain by a shadow imp (5 damage)
             ... on level 5 of the Dungeon.
             The game lasted 00:09:15 (3513 turns).

oplop the Ducker (Spriggan Enchanter)               Turns: 3513, Time: 00:09:16

Health: 0/28       AC:  4    Str:  4    XL:     6   Next: 91%
Magic:  3/14       EV: 21    Int: 19    God:
Gold:   234        SH:  0    Dex: 16    Spells: 5 memorised, 2 levels left

rFire  . . .     SeeInvis +     a - +1 dagger
rCold  . . .     Clarity  .     b - +1 robe
rNeg   . . .     SustAb   .     (shield restricted)
rPois  .         Gourm    .     (helmet restricted)
rElec  .         Spirit   .     r - +0 cloak
rCorr  .         Warding  .     (gloves unavailable)
rMut   .         Stasis   .     (boots unavailable)
MR     +....                    (no amulet)
Stlth  +++.......               n - ring of teleport control
                                e - ring of wizardry

@: very quick, somewhat resistant to hostile enchantments, fairly stealthy
A: unfitting armour, see invisible, herbivore 3, speed 3, slow metabolism 2
a: Evoke Teleport Control


You were on level 5 of the Dungeon.
You were hungry.

You visited 1 branch of the dungeon, and saw 5 of its levels.

You collected 234 gold pieces.

Inventory:

Hand weapons
 a - a +1 dagger (weapon)
 v - a +0 blowgun
Missiles
 q - 135 stones (quivered)
 w - 2 poisoned needles
Armour
 b - a +1 robe (worn)
 r - a +0 cloak (worn)
 u - a +2 buckler
Jewellery
 e - a ring of wizardry (left hand)
 n - a ring of teleport control (right hand)
Magical devices
 l - a wand of polymorph (0)
Scrolls
 f - 3 scrolls of remove curse {unknown}
 h - 6 scrolls of identify
 i - 2 scrolls of recharging {unknown}
 k - 3 scrolls of teleportation {unknown}
 p - a scroll of amnesia {unknown}
 y - a scroll of random uselessness {unknown}
Potions
 g - a potion of brilliance
 m - a potion of might
 o - a potion of agility
 s - a potion of heal wounds
 x - a potion of cure mutation {unknown}
Books
 c - a book of Maledictions

   Spells                             Type                      Level
   a - Corona                         Hexes                        1
   b - Ensorcelled Hibernation        Hexes/Ice                    2
   c - Confuse                        Hexes                        3
   d - Tukima's Dance                 Hexes                        3
   e - Dazzling Spray                 Conjuration/Hexes            3
 t - a Fen Folio

   Spells                             Type                      Level
   a - Corpse Rot                     Necromancy                   2
   b - Stone Arrow                    Conjuration/Earth            3
   c - Leda's Liquefaction            Hexes/Earth                  4
   d - Summon Forest                  Summoning/Translocation      5
   e - Hydra Form                     Transmutation                6
   f - Summon Hydra                   Summoning                    7
Comestibles
 d - 3 bread rations
 j - a slice of pizza
 z - 3 fruits


   Skills:
 + Level 3.8 Short Blades
 + Level 6.0 Dodging
 - Level 4.4 Stealth
 + Level 4.8 Spellcasting
 + Level 5.9 Hexes


You had 2 spell levels left.
You knew the following spells:

 Your Spells              Type           Power        Failure   Level  Hunger
a - Corona                Hex            ####...      1%          1    None
b - Ensorcelled Hibernat  Hex/Ice        ###...       3%          2    #......
c - Confuse               Hex            ####....     1%          3    ##.....
d - Tukima's Dance        Hex            ####....     1%          3    ##.....
e - Dazzling Spray        Conj/Hex       ###.....     4%          3    ##.....


Dungeon Overview and Level Annotations

Branches:
Dungeon (5/15)
 Temple: D:4-7

Altars:
Dithmenos
Sif Muna
Trog

Shops:
D:5 (


Innate Abilities, Weirdness & Mutations

You are tiny and cannot use many weapons and most armour.
You have supernaturally acute eyesight.
You are a herbivore.
You cover ground extremely quickly.
You need consume almost no food.


Message History

The sky beast misses you.
You hit the sky beast.
You kill the sky beast!
Your Dodging skill increases to level 6!
The shadow imp hits you.
* * * LOW HITPOINT WARNING * * *
Casting: Ensorcelled Hibernation
Confirm with . or Enter, or press ? or * to list all spells.
Aiming: Confuse
Press: ? - help, Shift-Dir - straight line, f - shadow imp
Aim: a shadow imp (chance 65%)
The shadow imp struggles to resist.
The shadow imp hits you.
* * * LOW HITPOINT WARNING * * *
Casting: Confuse
Confirm with . or Enter, or press ? or * to list all spells.
Aiming: Confuse
Press: ? - help, Shift-Dir - straight line, f/p - shadow imp
Aim: a shadow imp (chance 65%)
The shadow imp struggles to resist.
The shadow imp hits you.
You die...

##.#..## ##.>.....#
#.###..## #....#.... ###
##..## ##...##... ##..##
##..##... #...### #.......
##....# ##.....#
########....# ##......#
#...........# ###......##
##.........@# ###.....##..#
####...[.5.####....#####..<
#.............### ##..
##..#........### ##.
##..###......## #.. ##..##
#......## ##.. #..##
#.......# ##..# #.##
#.......## #..## ##.#
##........# ##..#


You could see a shadow imp.

Vanquished Creatures
  A sky beast (D:5)
  A phantom (D:5)
  An ogre (D:4)
  A hound (D:5)
  Crazy Yiuf (D:3)
  A worker ant (D:5)
  Robin (D:2)
  3 gnolls (D:3)
  2 adders (D:3)
  2 worms (D:3)
  An orc (D:3)
  2 bat skeletons
  8 giant cockroaches
  6 hobgoblins
  9 kobolds
  A quokka (D:4)
  A ball python (D:2)
  11 bats
  2 giant geckos
  3 giant newts
  15 goblins
  7 jackals
  11 rats
91 creatures vanquished.

Notes
Turn   | Place    | Note
--------------------------------------------------------------
     0 | D:1      | oplop, the Spriggan Enchanter, began the quest for the Orb.
     0 | D:1      | Reached XP level 1. HP: 9/9 MP: 5/5
   289 | D:1      | Reached XP level 2. HP: 13/13 MP: 7/7
   742 | D:2      | Learned a level 2 spell: Ensorcelled Hibernation
   742 | D:2      | Found a shadowy altar of Dithmenos.
   995 | D:2      | Reached XP level 3. HP: 16/16 MP: 8/8
  1008 | D:2      | Noticed Robin
  1028 | D:2      | Killed Robin
  1530 | D:3      | Reached XP level 4. HP: 15/21 MP: 0/10
  1797 | D:3      | Found a deep blue altar of Sif Muna.
  1797 | D:3      | Found a bloodstained altar of Trog.
  2206 | D:3      | Noticed Crazy Yiuf
  2220 | D:3      | Killed Crazy Yiuf
  2220 | D:3      | Reached XP level 5. HP: 24/24 MP: 4/11
  2536 | D:4      | Noticed an ogre
  2613 | D:4      | Reached skill level 5 in Hexes
  2648 | D:4      | Noticed an ogre
  2667 | D:4      | Killed an ogre
  2667 | D:4      | Reached skill level 5 in Dodging
  3032 | D:5      | Entered Level 5 of the Dungeon
  3100 | D:5      | Found Emiedig's Antique Weapon Shoppe.
  3139 | D:5      | Reached XP level 6. HP: 28/28 MP: 13/13
  3230 | D:5      | Learned a level 3 spell: Confuse
  3234 | D:5      | Learned a level 3 spell: Tukima's Dance
  3238 | D:5      | Learned a level 3 spell: Dazzling Spray
  3306 | D:5      | Noticed a phantom
  3428 | D:5      | Killed a phantom
  3454 | D:5      | Noticed a sky beast
  3511 | D:5      | Killed a sky beast
  3511 | D:5      | Reached skill level 6 in Dodging
  3513 | D:5      | Slain by a shadow imp

Action                   |  1- 3 |  4- 6 || total
-------------------------+-------+-------++-------
Melee: Dagger            |   158 |   122 ||   280
       Unarmed           |     1 |       ||     1
 Cast: Corona            |     8 |       ||     8
       Ensorcelled Hiber |    14 |    23 ||    37
       Confuse           |       |     6 ||     6
  Use: Potion            |     2 |       ||     2
       Scroll            |       |     2 ||     2
 Stab: Sleeping          |    19 |    23 ||    42
       Confused          |       |     2 ||     2
  Eat: Pizza             |       |     1 ||     1
